 Dungeon Crawl Stone Soup version 0.28-a0-980-g3664467d6e (webtiles) character file.

Game seed: 8823723044340382659

68 KyoPewz the Firebug (level 4, -4/36 HPs)
             Began as a Naga Fire Elementalist on Dec 2, 2021.
             Was a Priest of Lugonu.
             Slain by an orc (7 damage)
             ... on level 3 of the Dungeon.
             The game lasted 00:16:15 (3211 turns).

KyoPewz the Firebug (Naga Fire Elementalist)        Turns: 3211, Time: 00:16:16

Health: -4/36      AC:  2    Str: 10    XL:     4   Next: 19%
Magic:  0/7        EV:  9    Int: 18    God:    Lugonu [***...]
Gold:   115        SH:  0    Dex: 11    Spells: 1/7 levels left

rFire   . . .      SeeInvis +   b - +0 short sword {short}
rCold   . . .      Faith    .   (no shield)
rNeg    . . .      Spirit   .   a - +0 robe
rPois   +          Reflect  .   (no helmet)
rElec   .          Harm     .   (no cloak)
rCorr   .          Rampage  .   (no gloves)
Will    .....                   (no barding)
Stlth   ++........              (no amulet)
HPRegen 0.12/turn               (no ring)
MPRegen 0.10/turn               (no ring)

@: very slow
A: AC +1, large, see invisible, deformed body, poison resistance, slowness 2,
spit poison 1, naga tail 1
a: Spit Poison, Renounce Religion, Depart the Abyss, Bend Space, Banish


You were on level 3 of the Dungeon.
You worshipped Lugonu.
Lugonu was most pleased with you.
You visited 1 branch of the dungeon, and saw 3 of its levels.

You collected 115 gold pieces.


Innate Abilities, Weirdness & Mutations

Your serpentine skin is tough. (AC +1)
You have supernaturally acute eyesight. (SInv)
Armour fits poorly on your strangely shaped body.
Your system is resistant to poisons. (rPois)
You cover ground very slowly.
You can spit poison.
You have a snake-like lower body.


   Skills:
 - Level 1.5 Dodging
 - Level 3.0 Stealth
 + Level 2.3 Spellcasting
 * Level 2.0 Conjurations
 * Level 4.2 Fire Magic


You had one spell level left.
You knew the following spells:

 Your Spells              Type           Power      Damage    Failure   Level
a - Foxfire               Conj/Fire      52%        2x1d6     4%          1
b - Scorch                Fire           34%        2d7       4%          2
c - Conjure Flame         Conj/Fire      13%        6-21      14%         3

Your spell library contained the following spells:

 Spells                   Type           Power      Damage    Failure   Level
 Inner Flame              Hex/Fire       9%         N/A       22%         3
 Flame Wave               Conj/Fire      13%        2d5       43%         4

Inventory:

Hand Weapons
 b - a +0 short sword (weapon) {short}
   (You found it on level 1 of the Dungeon)
Missiles
 e - 106 stones {throwing}
 o - 20 sling bullets
 p - 17 poisoned darts {throwing}
 q - 17 bolts
Armour
 a - a +0 robe (worn)
 k - a +0 kite shield
   (You found it on level 2 of the Dungeon)
Scrolls
 c - 2 scrolls of identify {unknown}
 d - 2 scrolls of fog {unknown}
 f - a scroll of teleportation {unknown}
 m - a scroll of enchant weapon {unknown}
Potions
 g - 2 potions of curing {unknown}
 h - a potion of invisibility {unknown}
 i - 2 potions of mutation {unknown}
 j - 2 potions of berserk rage {unknown}
 l - a potion of degeneration {unknown}
 n - a potion of resistance {unknown}
 r - a potion of lignification {unknown}

Dungeon Overview and Level Annotations

Branches:
Dungeon (3/15)

Altars:
Dithmenos
Makhleb
Okawaru
Lugonu

Shops:
D:3

: #.# ##§#§§§#.. #. #.# #.##§####
#. #.# #.##.# # #. #########.#
##+#..# # #. #......##.# ##....##
# ###.## #.###.....# ##.....## #
.....# #.# #..#.## ##.......## #
...#†###.###.....####.........###
...............o@§..+.........'..
.....#######.#.†.####.........###
#.##.# #......# #.......## # #
#.# ######.# ##.....## # #.# .#
##...## # ..# .# ##'## #.# .# #.#
#.# #.#######.# #.........#######


You could see an orc.


Message History

The ball python barely misses you. 😎 MP[-1]
You lost 1 mp, and now have 4/7 mp.
You conjure some foxfire!
The foxfire hits the orc but does no damage.
The ball python barely misses you. 😎 MP[-1]
You lost 1 mp, and now have 3/7 mp.
You barely miss the ball python.
The foxfire hits the orc but does no damage.
The foxfire hits the ball python.
You kill the ball python!
Lugonu accepts your kill. The orc closely misses you.
You conjure some foxfire!
The orc barely misses you. 😎 MP[-1]
You lost 1 mp, and now have 2/7 mp.
You conjure some foxfire!
The foxfire hits the orc but does no damage.
The foxfire hits the orc.
The orc barely misses you. 😎 MP[-1]
You lost 1 mp, and now have 1/7 mp.
You conjure some foxfire!
The foxfire hits the orc but does no damage. x2
The orc hits you with a +0 falchion. 😕 HP[-2] MP[-1]
You take 2 damage, and now have 34/36 hp.
You lost 1 mp, and now have 0/7 mp.
You barely miss the orc.
The foxfire hits the orc. x2
The orc hits you but does no damage.
You completely miss the orc. The orc barely misses you. 😕 MP[+1]
You miscast Foxfire.
You are very lightly contaminated with residual magic.
Nothing appears to happen.
The orc hits you with a +0 falchion. 😕 HP[-4] MP[-1]
You take 4 damage, and now have 30/36 hp.
You lost 1 mp, and now have 0/7 mp.
You barely miss the orc.
The orc hits you with a +0 falchion. 😮 HP[-3]
You take 3 damage, and now have 27/36 hp.
Press: ? - help, v - describe, . - travel
Here: an orc, wielding a +0 falchion and wearing a +0 ring mail (moderately wounded)
The floor.
You hit the orc.
The orc hits you with a +0 falchion. 😮 HP[-2]
You take 2 damage, and now have 25/36 hp.
You barely miss the orc.
The orc hits you with a +0 falchion. 😮 HP[-4]
You take 4 damage, and now have 21/36 hp.
An orc is nearby!
You hit the orc but do no damage. The orc hits you with a +0 falchion.
* * * LOW HITPOINT WARNING * * *
The orc hits you with a +0 falchion!
* * * LOW HITPOINT WARNING * * *
😨 HP[-11]
You take 11 damage, and now have 10/36 hp.
MASSIVE DAMAGE!! (PAUSE)
The orc completely misses you.
Your magical contamination has completely faded away. 😨 MP[+1]
You are too injured to fight recklessly!
The orc barely misses you.
Casting: Foxfire (safe; 4% risk of failure)
Confirm with . or Enter, or press ? or * to list all spells.
You conjure some foxfire!
The orc hits you with a +0 falchion.
* * * LOW HITPOINT WARNING * * *
😱 HP[-3] MP[-1]
You take 3 damage, and now have 7/36 hp.
You lost 1 mp, and now have 0/7 mp.
The foxfire hits the orc but does no damage. x2
The orc hits you with a +0 falchion.
* * * LOW HITPOINT WARNING * * *
😱 HP[-2]
You take 2 damage, and now have 5/36 hp.
The orc closely misses you. The orc hits you with a +0 falchion.
* * * LOW HITPOINT WARNING * * *
😱 HP[-1] MP[+1]
You take 1 damage, and now have 4/36 hp. 😱 HP[+1]
The orc hits you with a +0 falchion.
* * * LOW HITPOINT WARNING * * *
😱 HP[-1]
You take 1 damage, and now have 4/36 hp.
You are too injured to fight recklessly!
Casting: Foxfire (safe; 4% risk of failure)
Confirm with . or Enter, or press ? or * to list all spells.
You don't know that spell.
Casting: Foxfire (safe; 4% risk of failure)
Confirm with . or Enter, or press ? or * to list all spells.
You conjure some foxfire!
The orc hits you with a +0 falchion.
* * * LOW HITPOINT WARNING * * *
😱 HP[-1] MP[-1]
You take 1 damage, and now have 3/36 hp.
You lost 1 mp, and now have 0/7 mp.
You hit the orc but do no damage.
The foxfire hits the orc. x2
The orc barely misses you.
You hit the orc. The orc hits you with a +0 falchion!
You die...

Skill      XL: |  1  2  3  4 |
---------------+-------------+-----
Fire Magic     | 4 |  4.2
Conjurations   | 2 |  2.0
Dodging        | |  1.5
Stealth        | |  3.0
Spellcasting   | |  2.3

Action                   |  1- 3 |  4- 6 || total
-------------------------+-------+-------++-------
Melee: Short sword       |    23 |    25 ||    48
 Cast: Foxfire           |    56 |    15 ||    71
       Scorch            |     1 |       ||     1
 Stab: Sleeping          |       |     1 ||     1
Armor: Robe              |     5 |    18 ||    23
Dodge: Dodged            |    14 |    20 ||    34

Levels and vault maps discovered:
D:1:      matt_arrival_los_fun, layout_basic,
          dreamdust_ecumenical_altar_drowned_temple
D:2:      minmay_door_path, layout_basic, basic_altar
D:3:      layout_loops_corners, grunt_dithmenos_smoke_and_mirrors,
          okawaru_ov_weapons_minmay, serial_shops, nicolae_shop_crystal

Notes
Turn   | Place    | Note
-------+----------+-------------------------------------------
     0 | D:1      | KyoPewz the Naga Fire Elementalist began the quest for the
                  | Orb.
     0 | D:1      | Reached XP level 1. HP: 15/15 MP: 3/3
     0 | D:1      | magus.rc [v1.9.6]
   355 | D:1      | Found a faded altar of an unknown god.
   368 | D:1      | Prayed at the altar of an unknown god.
   368 | D:1      | Became a worshipper of Lugonu the Unformed
   368 | D:1      | Reached * piety under Lugonu
   368 | D:1      | Reached ** piety under Lugonu
   389 | D:1      | Reached XP level 2. HP: 22/22 MP: 1/5
   392 | D:1      | Learned a level 2 spell: Scorch
  1008 | D:1      | Reached XP level 3. HP: 28/28 MP: 3/6
  1569 | D:2      | Found a burning altar of Makhleb.
  1587 | D:2      | Reached skill level 4 in Fire Magic
  2565 | D:3      | Found a shadowy altar of Dithmenos.
  2599 | D:3      | Reached XP level 4. HP: 36/36 MP: 5/7
  2603 | D:3      | Learned a level 3 spell: Conjure Flame
  2622 | D:3      | Reached skill level 2 in Conjurations
  2642 | D:3      | Found an iron altar of Okawaru.
  2775 | D:3      | Reached *** piety under Lugonu
  3019 | D:3      | Found Jael's Book Boutique.
  3199 | D:3      | HP: 7/36 [orc (3)]
  3205 | D:3      | HP: 4/36 [orc (1)]
  3211 | D:3      | Slain by an orc

Vanquished Creatures
  An adder (D:2)
  A worm (D:2)
  2 dart slugs
  A giant cockroach (D:1)
  2 goblins
  8 hobgoblins
  6 kobolds
  5 quokkas
  5 ball pythons
  6 bats
  6 frilled lizards
  3 rats
  A spectral goblin (D:1)
47 creatures vanquished.

Vanquished Creatures (others)
  120 foxfires
120 creatures vanquished.

Grand Total: 167 creatures vanquished

Table legend:
 A = Non-vault XP
 B = Vault XP
 C = Vault XP percentage of total XP
 D = Non-vault monster count
 E = Vault monster count
 F = Vault count percentage of total count
                 A         B        C        D         E       F
            +---------+---------+-------+---------+---------+-------
      Total |      90 |       8 |   8.2 |      43 |       4 |   8.5
            +---------+---------+-------+---------+---------+-------
        D:1 |      36 |       1 |   2.7 |      21 |       1 |   4.5
        D:2 |      36 |       7 |  16.3 |      12 |       3 |  20.0
        D:3 |      18 |       0 |   0.0 |      10 |       0 |   0.0
            +---------+---------+-------+---------+---------+-------

Illustrated notes

Table legend:
 A = Kills in this place as a percentage of kills in entire the game.
 B = Kills by you in this place as a percentage of kills by you in the entire game.
 C = Kills by friends in this place as a percentage of kills by friends in the entire game.
 D = Other kills in this place as a percentage of other kills in the entire game.
 E = Experience gained in this place as a percentage of experience gained in the entire game.
 F = Experience gained in this place divided by the number of levels of this place that you have seen.
                   A       B       C       D       E      F
               +-------+-------+-------+-------+-------+----------------------
         Total | 100.0 | 100.0 |   N/A |   N/A | 100.0 |  32.7
       Dungeon | 100.0 | 100.0 |   N/A |   N/A | 100.0 |  32.7
               +-------+-------+-------+-------+-------+----------------------

Table legend: (Time is in decaauts)
 A = Elapsed time spent in this place.
 B = Non-inter-level travel time spent in this place.
 C = Inter-level travel time spent in this place.
 D = Time resting spent in this place.
 E = Time spent auto-exploring this place.
 F = Levels seen in this place.
 G = Mean time per level.
                   A        B        C        D        E       F      G
               +--------+--------+--------+--------+--------+-----+--------+
         Total |   4079 |   3938 |    141 |      0 |   3426 |   3 | 1359.7 |
       Dungeon |   4079 |   3938 |    141 |      0 |   3426 |   3 | 1359.7 |
               +--------+--------+--------+--------+--------+-----+--------+

Top non-repeatable levels by time:
     D:1: 1610 daAuts
     D:2: 1527 daAuts
     D:3: 940 daAuts
